Cogmind - Beta 13 @@@ ROGUE MODE // 2024.07.01 @ 19:01:22 Player: Voidling Result: Destroyed by G-34 Mercenary with Small Laser Performance ------------- Evolutions (1) 500 Regions Visited (2) 400 Robots Destroyed (9) 45 Value Destroyed (255) 255 Prototype IDs (0) 0 Alien Tech Used (0) 0 Bonus (0) 0 TOTAL SCORE: 1200 Bonus ------- None Cogmind --------- Core Integrity 0/400 Matter 209/300 Energy 100/100 System Corruption 0% Temperature Cool (12) Movement Core (350) Ox6 Location -9/Materials Parts ------- > --- POWER (1) -------- (None) > --- PROPULSION (3) --- (None) > --- UTILITY (3) ------ Large Storage Unit > --- WEAPON (2) ------- (None) > --- INVENTORY (15) --- Light Treads Light Treads Light Treads Cesium-ion Thruster Sensor Array Signal Interpreter Mining Laser Peak State ------------ > --- POWER ------------ Light Ion Engine > --- PROPULSION ------- Cesium-ion Thruster Cesium-ion Thruster Cesium-ion Thruster > --- UTILITY ---------- Large Storage Unit Sensor Array Signal Interpreter > --- WEAPON ----------- Medium Laser Grenade Launcher > --- INVENTORY -------- Light Ion Engine Light Treads Light Treads Light Treads Flight Unit Cesium-ion Thruster Signal Interpreter Assault Rifle Mining Laser [Rating: 16] Favorites ----------- Power Light Ion Engine Engine Light Ion Engine Propulsion Light Treads Treads Light Treads Flight Unit Cesium-ion Thruster Utility Signal Interpreter Device Sensor Array Storage Large Storage Unit Processor Signal Interpreter Weapon Medium Laser Energy Gun Medium Laser Ballistic Gun Assault Rifle Launcher Grenade Launcher Build | -11 -10 -9 ------- Run | Yrd Mat Mat Slots Evolved 2 | . . 2 Power . | . . . Propulsion 1 | . . 1 Utility 1 | . . 1 Weapon . | . . . Parts Attached 19 | 6 2 11 Power 2 | 1 . 1 Engine 2 | 1 . 1 Core . | . . . Reactor . | . . . Propulsion 9 | 2 . 7 Treads 4 | 2 . 2 Leg . | . . . Wheel . | . . . Hover . | . . . Flight 5 | . . 5 Utility 4 | 1 2 1 Device 1 | . . 1 Storage 2 | 1 1 . Processor 1 | . 1 . Hackware . | . . . Protection . | . . . Artifact . | . . . Weapon 4 | 2 . 2 Energy Gun 2 | 2 . . Energy Cannon . | . . . Ballistic Gun 1 | . . 1 Ballistic Cannon . | . . . Launcher 1 | . . 1 Special Weapon . | . . . Impact Weapon . | . . . Slashing Weapon . | . . . Piercing Weapon . | . . . Special Melee Weapon . | . . . Unidentified Prototypes . | . . . Parts Lost 11 | . . 11 Power 2 | . . 2 Propulsion 5 | . . 5 Utility . | . . . Weapon 4 | . . 4 Highest Loss Streak 8 | . . 8 To Critical Strikes . | . . . Average Slot Usage (%) 89 | . 95 82 Engine 11 | . 14 8 Treads 23 | . 28 17 Flight 4 | . . 11 Device 2 | . . 6 Storage 12 | . 14 11 Processor 9 | . 9 10 Energy Gun 21 | . 28 13 Launcher 1 | . . 2 Naked Turns . | . . . Heaviest Build 29 | 12 27 29 Greatest Support 40 | 40 40 40 Greatest Overweight (x) 6 | . 1 6 Average Overweight (x) . | . . . Largest Inventory Capacity 15 | 8 15 15 Average Capacity 12 | 6 11 15 Most Carried 10 | 5 8 10 Average Carried 5 | 2 5 7 Final Capacity 15 | 8 15 15 Final Carried 8 | 2 8 7 Class Distribution -------------------- 100% | Mutant Dominant Class ---------------- Mutant | -10/Materials Mutant | -9/Materials Resources | -11 -10 -9 ----------- Run | Yrd Mat Mat Matter Collected 285 | 196 35 54 Remotely . | . . . Salvage Created 271 | . 99 172 Parts 15 | . 6 9 Haulers Intercepted . | . . . Recyclers Shooed 1 | . . 1 Parts Field Recycled . | . . . Retrieved Matter . | . . . Parts Self-Destructed . | . . . Prevented . | . . . Kills | -11 -10 -9 ------- Run | Yrd Mat Mat Combat Hostiles Destroyed 7 | . 2 5 Guns 4 | . 2 2 AOE 2 | . . 2 Classes Destroyed 4 | . 2 2 Watcher 2 | . 2 . Swarmer 2 | . . 2 Grunt 2 | . 2 . Sentry 3 | . . 3 Best Kill Streak 2 | . 2 2 Combat Bots Only 2 | . 2 2 Max Kills in Single Turn 1 | . 1 1 Gunslinging . | . . . Exploded 1 | . . 1 Melee . | . . . Uniques/NPCs Destroyed . | . . . Combat | -11 -10 -9 -------- Run | Yrd Mat Mat Hostile Shots Fired 145 | . 18 127 Missed 40 | . 7 33 Damage Taken 1300 | . 125 1175 Core 445 | . 43 402 Absorbed by Shields . | . . . Core Remaining (%) 91 | 100 82 . Volleys Fired 33 | . 10 23 Largest 2 | . 2 2 Hottest 100 | . 100 100 Shots Fired 62 | . 20 42 Gun 59 | . 20 39 Cannon . | . . . Launcher 3 | . . 3 Special . | . . . Kinetic 6 | . . 6 Thermal 53 | . 20 33 Explosive 3 | . . 3 Electromagnetic . | . . . Robot Hit Streak 8 | . 5 8 Robot Miss Streak 9 | . 3 9 Penetration Max . | . . . Secondary Targets . | . . . Shots Hit Robots 38 | . 13 25 Core Hits 12 | . 6 6 Critical Kills . | . . . Critical Parts Destroyed . | . . . Critical Strikes 4 | . 2 2 Burn 4 | . 2 2 Melee Attacks . | . . . Impact . | . . . Slashing . | . . . Piercing . | . . . Sneak Attacks . | . . . Combat Hostiles . | . . . Follow-up Attacks . | . . . Damage Inflicted 672 | . 159 513 Guns 461 | . 159 302 Cannons . | . . . Explosions 203 | . . 203 Melee . | . . . Ramming 8 | . . 8 Kinetic 42 | . . 42 Thermal 419 | . 159 260 Explosive 203 | . . 203 Electromagnetic . | . . . Impact . | . . . Slashing . | . . . Piercing . | . . . Highest Corruption . | . . . Average Corruption . | . . . Corruption Purged . | . . . Corruption Blocked . | . . . Overload Shots . | . . . Overflow Damage 18 | . . 18 Projectiles . | . . . Explosions 18 | . . 18 Melee . | . . . Knockbacks . | . . . Impact . | . . . Kinetic . | . . . Secondary . | . . . Self-Inflicted Damage 4 | . . 4 Shots . | . . . Rammed 2 | . . 2 Targets Rammed 2 | . . 2 Kicked . | . . . Crushed . | . . . Highest Temperature 366 | . 366 225 Average Temperature 112 | . 157 85 Received Heat Transfer 543 | . 66 477 Effects 2 | . 2 . Energy Bleed 1 | . 1 . Short Circuit 1 | . 1 . Siege Activations . | . . . Robots Corrupted . | . . . Combat Hostiles . | . . . Parts Fried . | . . . Impact Corruptions . | . . . Robots Melted 1 | . . 1 Combat Hostiles 1 | . . 1 Parts Melted 12 | . 6 6 Heat Transferred 1554 | . 629 925 Parts Sabotaged . | . . . Parts Stolen . | . . . Parts Stripped . | . . . Power Chain Reactions . | . . . Alert | -11 -10 -9 ------- Run | Yrd Mat Mat Peak Influence 159 | . 109 159 Initial . | . . . Average 57 | . 51 81 Maximum Alert Level . | . . . Low Security (%) 100 | 100 100 100 Level 1 . | . . . Level 2 . | . . . Level 3 . | . . . Level 4 . | . . . Level 5 . | . . . High Security . | . . . Max Security . | . . . Squads Dispatched 3 | . 1 2 Investigation 1 | . . 1 Extermination . | . . . Reinforcement 2 | . 1 1 Assault . | . . . Garrison . | . . . Intercept . | . . . Searches Triggered . | . . . Construction Impeded . | . . . Haulers Reinforced . | . . . Active Scanning Responses . | . . . Cargo Convoy Interrupts . | . . . Stealth | -11 -10 -9 --------- Run | Yrd Mat Mat Distress Signals 4 | . . 4 Communications Jammed . | . . . Distress Signals . | . . . Times Spotted 22 | . 5 17 Peak Tracking Total 9 | . 2 9 Tactical Retreats 3 | . . 3 Traps | -11 -10 -9 ------- Run | Yrd Mat Mat Traps Triggered 1 | . . 1 Indirectly . | . . . Trap Hack Attempts . | . . . Triggered . | . . . Disarmed . | . . . Reprogrammed . | . . . Reused . | . . . Traps Extracted . | . . . Installed . | . . . Triggered . | . . . Machines | -11 -10 -9 ---------- Run | Yrd Mat Mat Machines Disabled . | . . . Max in Single Turn . | . . . Machines Repaired . | . . . Machines Dismantled . | . . . Machines Sabotaged . | . . . Overloaded Fab Kills . | . . . Hacking | -11 -10 -9 --------- Run | Yrd Mat Mat Machines Accessed 1 | . . 1 Terminals 1 | . . 1 Fabricators . | . . . Repair Stations . | . . . Recycling Units . | . . . Scanalyzers . | . . . Garrison Access . | . . . Total Hacks 4 | . . 4 Successful 1 | . . 1 Failed 3 | . . 3 Catastrophic . | . . . Database Lockouts . | . . . Manual . | . . . Terminals 4 | . . 4 Fabricators . | . . . Repair Stations . | . . . Recycling Units . | . . . Scanalyzers . | . . . Garrison Access . | . . . Terminal Hacks 1 | . . 1 Alert Level 1 | . . 1 Fabricator Hacks . | . . . Repair Station Hacks . | . . . Recycling Unit Hacks . | . . . Scanalyzer . | . . . Garrison Access Hacks . | . . . Unauthorized Hacks . | . . . Terminals . | . . . Fabricators . | . . . Repair Stations . | . . . Recycling Units . | . . . Scanalyzers . | . . . Garrison Access . | . . . Data Cores Recovered . | . . . Used . | . . . Hacking Detections 1 | . . 1 Full Trace Events . | . . . Feedback Events . | . . . Feedback Blocked . | . . . Robot Schematics Acquired . | . . . Robots Built . | . . . Authchips . | . . . Time . | . . . Total Robot Build Rating . | . . . Part Schematics Acquired . | . . . Parts Built . | . . . Authchips . | . . . Time . | . . . Total Part Build Rating . | . . . Parts Repaired . | . . . Time . | . . . Parts Recycled . | . . . Recycled Matter . | . . . Retrieved Matter . | . . . Retrieved Components . | . . . Parts Scanalyzed . | . . . Part Schematics Acquired . | . . . Parts Damaged . | . . . Bothacking | -11 -10 -9 ------------ Run | Yrd Mat Mat Used RIF Installer . | . . . Robots Hacked . | . . . Non-combat . | . . . Combat . | . . . Robot Hacks Applied . | . . . Relay Couplers Released . | . . . Fabnet Peak Effective % . | . . . Robots Rewired . | . . . Allies Hacked . | . . . Hacks Repelled . | . . . Allies | -11 -10 -9 -------- Run | Yrd Mat Mat Total Allies . | . . . Largest Group . | . . . Highest-Rated Group . | . . . Highest-Rated Ally . | . . . Total Orders . | . . . Ally Attacks . | . . . Total Damage . | . . . Kills . | . . . Allies Corrupted . | . . . Allies Melted . | . . . Intel | -11 -10 -9 ------- Run | Yrd Mat Mat Robot Analysis Total . | . . . Derelict Logs Recovered . | . . . Drone Launches . | . . . Drone Recoveries . | . . . Exploration | -11 -10 -9 ------------- Run | Yrd Mat Mat Turns Passed 778 | 80 405 293 Spaces Moved 389 | 46 208 135 Core 11 | 6 . 5 Treads 311 | 40 208 63 Legs . | . . . Wheels . | . . . Hover . | . . . Flight 67 | . . 67 Fastest Speed 50 | 50 160 109 Average Speed 163 | 145 175 152 Slowest Speed 350 | 160 240 350 Overloaded Moves . | . . . Propulsion Burnouts . | . . . Robots Hopped . | . . . Cave-ins Triggered . | . . . Exploration Rate (%) 24 | 4 45 24 Regions Visited 2 Branch Regions . Pre-discovered Areas . | . . . Known Exits Taken 1 | . 1 . Unknown Exits Taken 1 | 1 . . Scrap Searched . | . . . Spaces Dug . | . . . Terrain Destroyed 15 | . . 15 Melee . | . . . Projectile . | . . . AOE 15 | . . 15 Terrain Rammed . | . . . Walls Destroyed . | . . . Machines Disabled . | . . . Actions | -11 -10 -9 --------- Run | Yrd Mat Mat Total 468 | 59 230 179 Wait . | . . . Move 387 | 45 207 135 Hop . | . . . Pick Up 22 | 8 9 5 Fast Attach . | . . . Attach 15 | 6 1 8 Detach 2 | . . 2 Swap 4 | . 1 3 Drop 3 | . 2 1 Fire 33 | . 10 23 Melee . | . . . Ram 2 | . . 2 Kick . | . . . Crush . | . . . Escape Stasis . | . . . Rewire . | . . . Trap . | . . . Miscellaneous . | . . . Route ------- -11/Scrapyard -10/Materials (discovered 2 exits: *Mat x2) -9/Materials History --------- Turn | Location | Event 2 | -11/Scrapyard | Discovered new exit (range 16) 81 | -11/Scrapyard | Entered Materials 205 | -10/Materials | Discovered new exit (range 12) 230 | -10/Materials | Identified exit to Materials 317 | -10/Materials | Build established: Mutant 406 | -10/Materials | Discovered exit to Materials (range 14) 486 | -10/Materials | Entered another Materials area 486 | -9/Materials | Evolved 2 slots: Propulsion x1, Utility x1 738 | -9/Materials | Core integrity fell below 50% 770 | -9/Materials | Core integrity fell below 20% 774 | -9/Materials | Lost 8 parts (1p4n3w) 779 | -9/Materials | Destroyed by G-34 Mercenary with Small Laser Last Messages --------------- K-01 Serf collects debris. K-01 Serf destroyed. Grenade Launcher destroyed. Cesium-ion Thruster destroyed. Lgt. Ion Engine destroyed. Cesium-ion Thruster destroyed. Y-45 Defender suffers critical hit (Burn). Med. Laser destroyed. Y-45 Defender destroyed. Assault Rifle destroyed. Critical hit (Burn: +37). Slammed into S-10 Pest. Cesium-ion Thruster destroyed. K-01 Serf collects debris. Acquired 54 matter. K-01 Serf collects debris. Flight Unit destroyed. K-01 Serf collects debris. Slammed into A-02 Transporter. Discarded Signal Interpreter. Map ----- +----------------------------------------------------+ | ?????????????????????????????????? | | ?????????????????????????????????? | | ?????????????????????????????????? | | ?????????????????????????????????? | | ?????????????????????????????????? | | ?????????????????????????????????? | | ?????????????????????????????????? | | ?????????????????????????????????? | | ???????????????????? ?#??????????? | | ??????????????????? #??????????? | | ??????????????????? ???????????? | | ??????????????????? ???????????? | | ??????????????????? ???????????? | | ??????????????????? ???????????? | | ??????????????????? ???????????? | | #??????????????????# #???????????? | | "??????????????????# #???????????? | | T??????????????????# #?##########? | | ???????????????????# #?# #? | | ?????????????????### ### #? | | #########????????# # #? | | ##########=! #g #? | | """ / ! * g #? | | """ ##########! #g #? | | """ #????????# # #? | | #????????###+### @ #? | | """ #?????????= # #? | | """ #???????#== [ ##########? | | """ #???????# #?????????? | | #???????# "Y" #?????????? | | #########???????# """ #?????????? | | ????????????????# #?????????? | | ????????????????########?????????? | | ?????????????????????????????????? | | ?????????????????????????????????? | | ?????????????????????????????????? | | ?????????????????????????????????? | | #############????????????????????? | | = #????????????????????? | | """"" #????????????????????? | | """"" ""#????????????????????? | | """"" T"#????????????????????? | | ""#????????????????????? | | #????????????????????? | | #####+#######????????????????????? | | ??# ########?????????????????? | | ??# ! #?????????????????? | | ### #?????????????????? | | ] #?????????????????? | | ### ########?????????????????? | +----------------------------------------------------+ Best States ------------- Heat Dissipation 28 Energy Generation 10 Energy Capacity 125 Matter Stores 251 Matter Capacity 300 Sight Range 16 Robot Scan Range 14 Terrain Scan Density 10 Evasion (%) 40 Recoil Reduction 2 Item Schematics ----------------- None Robot Schematics ------------------ None Fabricated ------------ Nothing Alien Tech Used ----------------- None Achievements -------------- None Challenges ------------ None Game ------ Seed ArmoredSurveybotInjector Manual? 0 Play Time 00:10:36 Cumulative 3.4 hours Start 2024.07.01 @ 18:54:15 End 2024.07.01 @ 19:01:22 Sessions 1 Manual Loads 0 Difficulty Rogue Special Mode None Game No. 12 Rogue 10 Adventurer 2 Explorer 0 Win Type - Total 0 Types 0/0/0/0/0/0/0/0/0 Lore% 3 Gallery% 8 Achievement% 10 Wizard Run 0 Options --------- Layout 1 ASCII 0 Keyboard 0 Movement Mouse Keybinds 0 Fullscreen 1 Font 24/Smallcaps Map View 50x35 Zoom Use 0% Tactical HUD 0 Map Filters NONE Filters NONE Steam 1 RUN: 734714ea-e4f1-4e3f-ab06-3b66115048e6